 Dungeon Crawl Stone Soup version 0.29-a0-993-g4a18f31a58 (webtiles) character file.

Game seed: 4456216402146914626

159458 jlumianski the Severer (level 17, -3/146 HPs)
             Began as a Minotaur Fighter on Aug 2, 2022.
             Was the Champion of Qazlal.
             Slain by SirDiesAlot's ghost (52 damage)
             ... on level 2 of the Shoals.
             The game lasted 02:19:28 (23984 turns).

jlumianski the Severer (Minotaur Fighter)          Turns: 23984, Time: 02:19:28

Health: -3/146     AC: 37    Str: 30    XL:     17   Next: 16%
Magic:  20/24      EV:  8    Int:  8    God:    Qazlal [******]
Gold:   2156       SH: 25    Dex:  9    Spells: 16/16 levels left

rFire   . . .      SeeInvis .   g - +4 broad axe (vorpal)
rCold   + . .      Faith    .   A - +5 kite shield
rNeg    + . .      Spirit   .   Q - +10 plate armour of Follow the Leader {Rampage rC+ rN+}
rPois   +          Reflect  .   m - +2 hat {Int+3}
rElec   .          Harm     .   l - +2 cloak
rCorr   .          Rampage  +   x - +2 pair of gloves
Will    +....                   h - +0 pair of boots of the Evening Star {+Inv Str+2}
Stlth   ..........              B - amulet of regeneration
HPRegen 1.14/turn               s - ring of poison resistance
MPRegen 0.19/turn               (no ring)

@: contaminated, glowing, repel missiles
A: horns 2, retaliatory headbutt, clumsy 1, wild magic 1, no potion heal 1
a: Renounce Religion, Evoke Invisibility, Upheaval, Elemental Force, Disaster
Area


You were on level 2 of the Shoals.
You worshipped Qazlal.
Qazlal was exalted by your worship.
You visited 5 branches of the dungeon, and saw 25 of its levels.
You also visited: Ice Cave.

You collected 2435 gold pieces.
You spent 279 gold pieces at shops.

Inventory:

Hand Weapons
 b - a +1 war axe of flaming
 g - a +4 vorpal broad axe (weapon)
 r - the +3 mace of the Past {vorpal, rPois Will+ Str+2}
   (You bought it in a shop on level 9 of the Dungeon)

   It inflicts extra damage upon your enemies.
   Str:       It affects your strength (+2).
   rPois:     It protects you from poison.
   Will:      It increases your willpower.
 G - the +5 sling of Ipnaijar {freeze, Dex+2}
   (You found it on level 8 of the Dungeon)

   Any ammunition fired from it freezes those it strikes, dealing additional
   cold damage.
   It can also slow down cold-blooded creatures.
   Dex:       It affects your dexterity (+2).
Missiles
 d - 9 curare-tipped darts
 e - 36 boomerangs (quivered)
 i - 9 boomerangs of dispersal
 j - 4 throwing nets
 k - 3 silver javelins
 C - 13 javelins
Armour
 h - the +0 pair of boots of the Evening Star (worn) {+Inv Str+2}
   (You found it on level 12 of the Dungeon)

   Str:       It affects your strength (+2).
   +Inv:      It lets you turn invisible.
 l - a +2 cloak (worn)
 m - a +2 hat of intelligence (worn)
 x - a +2 pair of gloves (worn)
 A - a +5 kite shield (worn)
 Q - the +10 plate armour of Follow the Leader (worn) {Rampage rC+ rN+}
   (You acquired it on level 11 of the Dungeon)

   rC:        It protects you from cold.
   rN:        It protects you from negative energy.
   Rampage:   It bestows one free step when moving towards enemies.
Jewellery
 s - a ring of poison resistance (left hand)
 B - an amulet of regeneration (around neck)
 D - the amulet "Ohog" {RegenMP Will+ Stlth+}
   (You found it on level 6 of the Dungeon)

   [amulet of magic regeneration]

   It increases your rate of magic regeneration.
   Will:      It increases your willpower.
   Stlth:     It makes you more stealthy.
 P - a ring of fire
Wands
 u - a wand of paralysis (21)
 v - a wand of digging (4)
 F - a wand of iceblast (17)
 M - a wand of flame (30)
 O - a wand of acid (11)
Scrolls
 a - a scroll of immolation
 n - 2 scrolls of identify
 t - 2 scrolls of fear
 y - 5 scrolls of blinking
 J - 3 scrolls of poison
 K - 11 scrolls of teleportation
 X - 2 scrolls of silence
Potions
 f - 2 potions of haste
 o - 2 potions of resistance
 p - 5 potions of curing
 q - a potion of brilliance
 z - 2 potions of heal wounds
 E - a potion of magic
 H - 4 potions of attraction
 I - 2 potions of might
 R - 4 potions of cancellation
 T - 2 potions of invisibility
 U - a potion of berserk rage
Miscellaneous
 c - a tin of tremorstones (2/2)
 L - a condenser vane (inert)
 S - a box of beasts


   Skills:
 + Level 12.2 Fighting
 + Level 0.7 Long Blades
 - Level 17.9(18.0) Axes
 + Level 1.5(11.8) Maces & Flails
 - Level 6.7 Ranged Weapons
 - Level 0.7 Throwing
 * Level 14.9 Armour
 + Level 4.0 Dodging
 + Level 3.1 Stealth
 + Level 14.3 Shields
 * Level 11.8 Invocations
 * Level 11.2 Evocations


You had 16 spell levels left.
You didn't know any spells.
Your spell library contained the following spells:

 Spells                   Type           Power      Damage    Failure   Level
 Poisonous Vapours        Pois/Air       0%         N/A       100%        2
 Static Discharge         Conj/Air       0%         3-3/arc   100%        2
 Sublimation of Blood     Necr           0%         N/A       100%        2
 Wereblood                Tmut           0%         N/A       100%        2
 Gell's Gravitas          Tloc           0%         N/A       100%        3
 Lesser Beckoning         Tloc           0%         N/A       100%        3
 Mephitic Cloud           Conj/Pois/Air  0%         N/A       100%        3
 Spider Form              Tmut/Pois      0%         N/A       100%        3
 Teleport Other           Tloc           0%         N/A       100%        3
 Corpse Rot               Necr/Pois/Air  0%         N/A       100%        4
 Leda's Liquefaction      Hex/Erth       0%         N/A       100%        4
 Alistair's Intoxication  Tmut/Pois      0%         N/A       100%        5
 Borgnjor's Vile Clutch   Necr/Erth      0%         N/A       100%        5
 Lee's Rapid Deconstruct  Erth           0%         3d5*      100%        5
 Lightning Bolt           Conj/Air       0%         1d11      100%        5
 Summon Forest            Summ/Tloc      0%         N/A       100%        5
 Eringya's Noxious Bog    Tmut/Pois      0%         N/A       100%        6
 Statue Form              Tmut/Erth      0%         N/A       100%        6
 Summon Hydra             Summ           0%         N/A       100%        7
 Maxwell's Capacitive Co  Air            0%         ∞         100%        8


Dungeon Overview and Level Annotations

Branches:
Dungeon (15/15)            Temple (1/1) D:5            Lair (5/5) D:11
 Shoals (2/4) Lair:2       Spider (0/4) Lair:2        Slime (0/5) Lair:4
    Orc (2/2) D:9             Elf (0/3) Orc:2        Vaults (0/5) D:13
 Depths (0/4) D:15          IceCv (visited)

Altars:
Ashenzari
Cheibriados
Dithmenos
Elyvilon
Fedhas
Gozag
Hepliaklqana
Kikubaaqudgha
Makhleb
Nemelex Xobeh
Okawaru
Qazlal
Ru
Sif Muna
Trog
Uskayaw
Vehumet
Wu Jian
Xom
Yredelemnul
Zin
The Shining One
Jiyva

Shops:
D:9 *   Orc:2 :[(:

Annotations:
Shoals:2 SirDiesAlot's ghost, adept DsTm


Innate Abilities, Weirdness & Mutations

You have a pair of horns on your head.
You reflexively headbutt those who attack you in melee.
You are clumsy. (Dex -2)
Your spells are a little harder to cast, but a little more powerful.
Potions are less effective at restoring your health.


Message History

Your fire elemental hits SirDiesAlot's ghost.
Your water elemental barely misses SirDiesAlot's ghost.
SirDiesAlot's ghost hits your fire elemental.
Your fire elemental misses SirDiesAlot's ghost.
Your water elemental hits SirDiesAlot's ghost.
Your water elemental hits SirDiesAlot's ghost!
Your water elemental hits SirDiesAlot's ghost.
Your water elemental disappears in a puff of smoke!
SirDiesAlot's ghost gestures wildly while chanting.
SirDiesAlot's ghost erupts in a fountain of uncontrolled magic!
Your water elemental is blasted with magical radiation!!
Your water elemental is destroyed!
Your water elemental disappears in a puff of smoke!
Your fire elemental is blasted with magical radiation!!
Your fire elemental is destroyed!
Your fire elemental disappears in a puff of smoke!
Your water elemental is blasted with magical radiation!!
Your water elemental misses SirDiesAlot's ghost.
Aiming: Throw Flame
Press: ? - help, Shift-Dir - straight line, f - SirDiesAlot's ghost
Aim: SirDiesAlot's ghost, wielding a weapon of protection (almost destroyed, unaware, ally target, hasn't noticed you, 58% to hit)
Okay, then.
Throw: 36 boomerangs
Press: ? - help, Q - select action, (/) - cycle Shift-Dir - straight line, f - SirDiesAlot's ghost
Aim: SirDiesAlot's ghost, wielding a weapon of protection (almost destroyed, unaware, ally target, hasn't noticed you, 37% to hit)
You throw a boomerang.
SirDiesAlot's ghost turns its malevolent gaze towards you.
The boomerang hits SirDiesAlot's ghost but does no damage.
SirDiesAlot's ghost is almost destroyed.
Your water elemental closely misses SirDiesAlot's ghost.
You miss SirDiesAlot's ghost.
SirDiesAlot's ghost is almost destroyed.
Your water elemental hits SirDiesAlot's ghost!
SirDiesAlot's ghost mumbles some strange words.
SirDiesAlot's ghost erupts in a fountain of uncontrolled magic!
Your water elemental is blasted with magical radiation!!!
Your water elemental is destroyed!
Your water elemental disappears in a puff of smoke!
You are blasted with magical radiation!!!
You die...

≈≈≈≈≈≈≈≈≈....~~
≈≈≈≈≈≈≈≈~~...~~
~~≈≈≈≈~~~~~.~~≈
~~~~~~~..~~~~~~
~..~~~~...~~~~~
.....°~~/..~..~.^...
......°.............
.......@.☼.........
.....°§W.°#......##
......°.§.##......##
......°....#......(#
.......§............
......#'#§.....~~~..
.....##.##....~~~~~.
....##...##...~~~~~.
...##.....##..~~~~~~


You could see SirDiesAlot's ghost.

Vanquished Creatures
  Gastronok (Lair:2)
  Kirke (D:12)
  Agnes (D:14)
  Roxanne (D:15)
  Azrael (D:12)
  3 merfolk impalers
  2 merfolk javelineers (Shoals:1)
  An ice dragon (D:15)
  7 hydras
  Harold (Lair:1)
  The ghost of Sobieck the Slicer, a journeyman VSBr of Cheibriados (D:12)
  4 ogre magi (Orc:2)
  A catoblepas (Lair:5)
  4 centaur warriors
  5 boulder beetles
  A merfolk avatar (Shoals:1)
  Erica (D:9)
  A naga warrior (D:12)
  2 dancing weapons (D:13)
  A deep troll shaman (Lair:5)
  17 two-headed ogres
  3 tengu warriors
  A death knight (D:15)
  15 death yaks
  The ghost of dang3rdave the Basher, a journeyman GrTm of Sif Muna (D:11)
  Urug (Lair:1)
  The ghost of PyroL the Summoner, a novice TeSu of Ashenzari (D:8)
  Amaemon (D:9)
  10 skeletal warriors
  4 sea snakes
  An obsidian statue (D:9)
  2 lindwurms (Lair:5)
  A harpy (shapeshifter) (D:15)
  4 deep elf pyromancers
  3 orc knights
  19 ugly things
  Pikel (D:9)
  A cyclops (D:12)
  3 fauns (Shoals:1)
  7 manticores
  3 black mambas
  Joseph (Lair:1)
  An ice statue (IceCv)
  2 merfolk sirens
  9 elephants
  9 cane toads
  2 gargoyles
  An orange demon (D:8)
  An unseen horror (D:11)
  3 rime drakes
  15 komodo dragons
  An efreet (D:13)
  A tengu conjurer (D:14)
  An anaconda simulacrum (IceCv)
  2 wind drakes
  4 trolls
  10 merfolk
  2 polar bears (Lair:5)
  A hornet (D:9)
  3 snapping turtles
  Grinder (D:5)
  A slime creature (D:10)
  18 blink frogs
  5 dream sheep (Lair:3)
  A centaur simulacrum (D:14)
  A vampire (D:11)
  11 wyverns
  25 yaks
  A dire elephant simulacrum (IceCv)
  4 fire elementals
  4 basilisks
  5 hogs (D:12)
  A redback (Lair:2)
  2 death yak simulacra (IceCv)
  18 vampire mosquitoes
  2 neqoxecs
  4 acid dragons
  2 hell hounds (D:12)
  15 water moccasins
  20 orc warriors
  2 black bears
  A swamp drake (Lair:5)
  2 ice beasts
  2 tengu (shapeshifter)
  2 centaurs
  34 wolves
  27 ogres
  A lemure (D:9)
  2 phantoms (D:6)
  A kobold brigand (D:8)
  9 bullfrogs
  7 two-headed ogre simulacra (IceCv)
  A necrophage (D:4)
  2 scorpions
  2 cane toad simulacra (IceCv)
  3 wights
  4 killer bees
  An elephant simulacrum (IceCv)
  4 electric eels
  9 howler monkeys
  10 orc priests
  A hound (D:6)
  3 jellies
  Crazy Yiuf (D:6)
  2 gnoll boudas
  An iguana (shapeshifter) (D:10)
  5 iguanas
  17 orc wizards
  7 troll simulacra (IceCv)
  7 spriggan simulacra (IceCv)
  3 wolf simulacra (IceCv)
  Robin (D:1)
  6 gnolls
  6 adders
  5 naga simulacra (IceCv)
  17 white imps
  4 ufetubi (IceCv)
  A worm (D:1)
  5 dart slugs
  49 orcs
  4 ball pythons
  9 bats
  5 endoplasms
  2 giant cockroaches
  14 goblins
  17 hobgoblins
  4 jackals (D:1)
  11 kobolds
  5 quokkas
  A ball python (shapeshifter) (D:10)
  3 frilled lizards
  8 rats
  A butterfly (Lair:5)
700 creatures vanquished.

Vanquished Creatures (collateral kills)
  An entropy weaver (shapeshifter) (D:12)
  A fire dragon (D:15)
  A centaur warrior (D:12)
  5 death yaks
  An oklob plant (Lair:4)
  An orc knight (D:12)
  3 yaks (Lair:5)
13 creatures vanquished.

Vanquished Creatures (others)
  A human (D:12)
  69 fungi
  113 plants
183 creatures vanquished.

Grand Total: 896 creatures vanquished

Notes
Turn   | Place    | Note
-------+----------+-------------------------------------------
     0 | D:1      | jlumianski the Minotaur Fighter began the quest for the
                  | Orb.
     0 | D:1      | Reached XP level 1. HP: 19/19 MP: 0/0
    97 | D:1      | Reached XP level 2. HP: 24/26 MP: 1/1
   537 | D:2      | Reached XP level 3. HP: 33/33 MP: 2/2
   619 | D:2      | Noticed Robin
   995 | D:1      | Reached skill level 3 in Axes
  1025 | D:1      | Found a faded altar of an unknown god.
  1461 | D:1      | Killed Robin
  1462 | D:1      | Reached XP level 4. HP: 27/40 MP: 3/3
  1796 | D:2      | Reached skill level 4 in Axes
  2382 | D:3      | Reached XP level 5. HP: 44/46 MP: 4/4
  2784 | D:3      | Identified a scroll of acquirement
  2784 | D:3      | Acquired a +0 vorpal broad axe
  2912 | D:4      | Reached skill level 1 in Dodging
  2912 | D:4      | Reached skill level 5 in Shields
  2933 | D:5      | Entered Level 5 of the Dungeon
  2960 | D:4      | Reached skill level 5 in Axes
  3305 | D:5      | Found a staircase to the Ecumenical Temple.
  3314 | Temple   | Entered the Ecumenical Temple
  3364 | Temple   | Became a worshipper of Qazlal Stormbringer
  3412 | D:5      | Reached XP level 6. HP: 52/52 MP: 5/5
  3421 | D:5      | Found an opulent altar of Gozag.
  3655 | D:5      | Reached skill level 6 in Axes
  4204 | D:5      | Reached XP level 7. HP: 60/60 MP: 6/6
  4228 | D:6      | Reached skill level 5 in Armour
  4228 | D:6      | Reached skill level 1 in Invocations
  4265 | D:5      | Reached skill level 1 in Evocations
  4313 | D:5      | Noticed Grinder
  4316 | D:5      | Paralysed by Grinder for 5 turns
  4327 | D:5      | Killed Grinder
  4328 | D:5      | Reached skill level 1 in Stealth
  4681 | D:6      | Reached skill level 7 in Axes
  4721 | D:6      | Identified the amulet "Ohog" {RegenMP Will+ Stlth+}
  4890 | D:7      | Reached XP level 8. HP: 63/67 MP: 8/8
  4973 | D:6      | Reached * piety under Qazlal
  4998 | D:6      | Reached skill level 5 in Fighting
  5225 | D:6      | Reached skill level 8 in Axes
  5624 | D:6      | Found a runed translucent door.
  5625 | D:6      | Noticed Crazy Yiuf
  5631 | D:6      | Killed Crazy Yiuf
  5871 | D:8      | Identified the +5 sling of Ipnaijar {freeze, Dex+2}
  6194 | D:7      | Found a large runed translucent door.
  6195 | D:7      | Found a large runed translucent door.
  6305 | D:7      | Reached XP level 9. HP: 74/74 MP: 10/10
  6486 | D:7      | Found an ornate altar of the Wu Jian Council.
  6501 | D:7      | Found a sacrificial altar of Ru.
  6581 | D:7      | Reached ** piety under Qazlal
  6582 | D:7      | Reached skill level 1 in Ranged Weapons
  6625 | D:8      | Reached skill level 9 in Axes
  7091 | D:8      | Noticed a manticore
  7104 | D:8      | Killed a manticore
  7196 | D:10     | Entered Level 10 of the Dungeon
  7221 | D:11     | Noticed a komodo dragon
  7230 | D:11     | Killed a komodo dragon
  7391 | D:9      | Found a runed translucent gate.
  7391 | D:9      | Found a runed translucent gate.
  7391 | D:9      | Found a runed translucent gate.
  7392 | D:9      | Found an opulent altar of Gozag.
  7394 | D:9      | Noticed Amaemon
  7396 | D:9      | Noticed an orange demon
  7450 | D:8      | Reached XP level 10. HP: 70/83 MP: 12/12
  7450 | D:8      | Killed an orange demon
  7451 | D:8      | Reached skill level 10 in Axes
  7472 | D:9      | Killed Amaemon
  7602 | D:9      | Noticed Pikel
  7621 | D:9      | Killed Pikel
  7622 | D:9      | Reached skill level 5 in Invocations
  7646 | D:9      | Reached skill level 5 in Evocations
  7764 | D:9      | Found a radiant altar of Vehumet.
  7776 | D:9      | Noticed Erica
  7791 | D:9      | Killed Erica
  7855 | D:9      | Noticed an obsidian statue
  7875 | D:9      | Found a staircase to the Orcish Mines.
  7881 | D:9      | Paralysed by a hornet for 2 turns
  7980 | D:9      | Found Ygesun's Assorted Antiques.
  7981 | D:9      | Noticed PyroL's ghost (novice TeSu)
  8035 | D:8      | Killed PyroL's ghost
  8036 | D:8      | Reached skill level 11 in Axes
  8361 | D:9      | Noticed a sixfirhy
  8367 | D:9      | Noticed a sun demon
  8368 | D:9      | Killed an obsidian statue
  8369 | D:9      | Reached XP level 11. HP: 62/92 MP: 14/14
  8410 | D:9      | Bought a scroll labelled DYAGUL ROCIWK for 31 gold pieces
  8410 | D:9      | Bought a scorched mace for 248 gold pieces
  8410 | D:9      | Identified the +3 mace of the Past {vorpal, rPois Will+
                  | Str+2} (You bought it in a shop on level 9 of the Dungeon)
  8535 | D:10     | Reached skill level 5 in Ranged Weapons
  8554 | D:10     | Found a bloodstained altar of Trog.
  8607 | D:10     | Noticed a two-headed ogre
  8617 | D:10     | Killed a two-headed ogre
  8783 | D:10     | Found a runed translucent gate.
  8783 | D:10     | Found a runed translucent gate.
  8783 | D:10     | Found a runed translucent gate.
  8784 | D:10     | Noticed a green ugly thing
  8784 | D:10     | Noticed a cyan ugly thing
  8784 | D:10     | Noticed a purple ugly thing
  8789 | D:10     | Noticed a purple ugly thing
  8901 | D:10     | Found a blossoming altar of Fedhas.
  8950 | D:10     | Reached *** piety under Qazlal
  9312 | D:10     | Noticed an orb spider
  9318 | D:10     | Noticed a shock serpent
  9318 | D:10     | an orb spider changed into a shock serpent
  9319 | D:10     | a shock serpent changed into an elephant
  9321 | D:10     | Noticed a mana viper
  9321 | D:10     | an elephant changed into a mana viper
  9327 | D:10     | a mana viper changed into a manticore
  9541 | D:11     | Acquired the +10 plate armour of Follow the Leader {Rampage
                  | rC+ rN+}
  9658 | D:10     | Noticed an orb spider
  9658 | D:10     | an elephant changed into an orb spider
  9660 | D:10     | an orb spider changed into a redback
  9661 | D:10     | Noticed a glowing shapeshifter
  9661 | D:10     | a redback changed into a glowing shapeshifter
  9662 | D:10     | a glowing shapeshifter changed into an elephant
  9669 | D:10     | Killed a brown ugly thing
  9692 | D:10     | Killed a brown ugly thing
  9693 | D:10     | Killed a red ugly thing
  9698 | D:10     | Killed a red ugly thing
  9701 | D:10     | Noticed a harpy
  9703 | D:10     | a harpy changed into a tengu
  9822 | D:10     | Found a runed translucent gate.
  9822 | D:10     | Found a runed translucent gate.
  9827 | D:10     | Noticed dang3rdave's ghost (journeyman GrTm)
  9836 | D:10     | Found a runed translucent gate.
  9850 | D:10     | Gained mutation: Your spells are a little harder to cast,
                  | but a little more powerful. [a neqoxec]
  9858 | D:10     | Reached skill level 12 in Axes
  9859 | D:10     | Gained mutation: You are clumsy. (Dex -2) [a neqoxec]
  9906 | D:11     | Killed dang3rdave's ghost
  9963 | D:10     | Gained mutation: Potions are less effective at restoring
                  | your health. [a neqoxec]
 10121 | D:11     | Noticed a two-headed ogre
 10185 | D:10     | Killed a two-headed ogre
 10232 | D:11     | Found a staircase to the Lair.
 10243 | D:11     | Reached XP level 12. HP: 101/101 MP: 16/16
 10617 | D:13     | Noticed Azrael
 10653 | D:12     | Noticed an eight-headed hydra
 10827 | D:13     | Found a stormy altar of Qazlal.
 10943 | D:12     | Killed an eight-headed hydra
 10944 | D:12     | Reached skill level 1 in Maces & Flails
 11008 | Lair:1   | Entered Level 1 of the Lair of Beasts
 11045 | Lair:1   | Noticed Joseph
 11065 | Lair:1   | Killed Joseph
 11066 | Lair:1   | Reached skill level 10 in Armour
 11093 | Lair:1   | Found a frozen archway.
 11125 | IceCv    | Entered an ice cave
 11157 | IceCv    | Found the +4 skin of Zhor {*Englaciate rC+++ SInv}
 11208 | IceCv    | Reached **** piety under Qazlal
 11504 | IceCv    | Noticed a reaper
 11511 | IceCv    | HP: 5/103 [reaper/+0 scythe of freezing (13)]
 11529 | IceCv    | HP: 2/103 [entropy weaver simulacrum (16)]
 11674 | Lair:1   | Noticed Harold
 11685 | Lair:1   | Killed Harold
 11688 | Lair:1   | Reached skill level 13 in Axes
 11816 | Lair:1   | Noticed Urug
 11826 | Lair:1   | Killed Urug
 12400 | Lair:2   | Noticed Gastronok
 12447 | Lair:2   | Killed Gastronok
 12513 | Lair:2   | Found a staircase to the Shoals.
 12593 | Lair:2   | Reached XP level 13. HP: 103/111 MP: 18/18
 12730 | Lair:2   | Found a hole to the Spider Nest.
 12833 | Lair:2   | Reached skill level 10 in Shields
 13011 | Lair:2   | Reached skill level 14 in Axes
 13784 | Lair:3   | You fall into a shaft and drop 2 floors!
 13784 | Lair:5   | Entered Level 5 of the Lair of Beasts
 14137 | Lair:4   | Reached ***** piety under Qazlal
 14167 | Lair:4   | Reached skill level 15 in Axes
 14342 | Lair:4   | Found a blossoming altar of Fedhas.
 15101 | Lair:4   | Found a viscous altar of Jiyva.
 15101 | Lair:4   | Found a staircase to the Slime Pits.
 15551 | Lair:4   | Reached XP level 14. HP: 115/119 MP: 19/19
 15596 | Lair:5   | Reached skill level 10 in Fighting
 16648 | Lair:5   | Reached skill level 10 in Invocations
 16660 | Lair:5   | Got the Cyclopedia of Pestilence
 17044 | D:12     | Reached skill level 16 in Axes
 17188 | D:12     | Reached XP level 15. HP: 128/128 MP: 21/21
 17250 | D:12     | Noticed Kirke
 17275 | D:12     | Killed Kirke
 17342 | D:12     | Found a runed translucent gate.
 17344 | D:12     | Found a runed translucent gate.
 17344 | D:12     | Found a runed translucent gate.
 17345 | D:12     | Noticed Sobieck's ghost (journeyman VSBr)
 17394 | D:12     | Killed Azrael
 17874 | D:12     | Found an iron altar of Okawaru.
 17902 | D:12     | Killed Sobieck's ghost
 17917 | D:12     | Identified the +0 pair of boots of the Evening Star {+Inv
                  | Str+2}
 18305 | D:13     | Found a gate to the Vaults.
 18332 | D:13     | Reached skill level 10 in Evocations
 18333 | D:13     | Reached XP level 16. HP: 117/137 MP: 21/23
 19224 | D:14     | Reached skill level 17 in Axes
 19349 | D:15     | Entered Level 15 of the Dungeon
 19542 | D:14     | Noticed Agnes
 19550 | D:14     | Killed Agnes
 20174 | D:15     | Found a staircase to the Depths.
 20209 | D:15     | Noticed Roxanne
 20749 | D:15     | Found a sparkling altar of Nemelex Xobeh.
 20967 | D:15     | Killed Roxanne
 21233 | Orc:1    | Entered Level 1 of the Orcish Mines
 21391 | Orc:2    | Entered Level 2 of the Orcish Mines
 21603 | Orc:2    | Found a staircase to the Elven Halls.
 21671 | Orc:2    | Reached ****** piety under Qazlal
 21681 | Orc:2    | Paralysed by something for 4 turns
 21772 | Orc:2    | Found Lilo's Book Shop.
 21772 | Orc:2    | Found Besm's Armour Emporium.
 21773 | Orc:2    | Found Tampa's Weapon Emporium.
 21773 | Orc:2    | Found Xiwihoic's Book Boutique.
 22758 | Shoals:1 | Entered Level 1 of the Shoals
 22787 | Shoals:1 | Reached XP level 17. HP: 61/146 MP: 24/24
 23946 | Shoals:2 | Noticed SirDiesAlot's ghost (adept DsTm)
 23949 | Shoals:2 | Found a runed translucent door.
 23984 | Shoals:2 | Slain by SirDiesAlot's ghost

Illustrated notes

Levels and vault maps discovered:
D:1:      ncdulo_wetmaze, layout_loops_corners,
          hellmonk_ecumenical_altar_slurped_away
D:2:      layout_rooms, uniq_robin
D:3:      layout_loops_ring
D:4:      layout_rooms
D:5:      layout_loops_ring, mainiacjoe_overflow_catwalk,
          minmay_temple_entry_statues_fountains, serial_rivers,
          chequers_serial_rivers_small_b, chequers_serial_rivers_micro_b,
          chequers_serial_rivers_large_a, chequers_serial_rivers_micro_a,
          chequers_serial_rivers_small_a, hangedman_decor_riveting, uniq_grinder
D:6:      layout_basic, uniq_crazy_yiuf_cottage
D:7:      minmay_flawed_box, layout_basic, jmf_multi_god_temple2,
          minmay_misc_feat_ornament, lightli_orcish_oven
D:8:      layout_layer_cave, lemuel_old_faithful
D:9:      layout_small_grid, nicolae_vehumet_altar_sigil, orc_0_dummy,
          ebering_ghost_gozag, grunt_ministairs_9, dreamdust_gnoll_shepherd,
          uniq_amaemon, uniq_pikel, uniq_erica
D:10:     layout_basic, general_overflow_altar, mainiacjoe_overflow_alcove_2,
          ploomutoo_gammafunk_ghost_potion_laboratory, hex_intersection,
          chequers_serial_rivers_small_3, kennysheep_just_a_vault
D:11:     layout_roguey, due_lair_maze_entry_diamond
D:12:     layout_basic, gammafunk_ghost_fury_of_okawaru, uniq_kirke
D:13:     layout_gridville, erik_vaults_1, nicolae_qazlal_style_of_elements,
          uniq_azrael
D:14:     layout_stronghold, serial_bayou_pond_d, uniq_agnes
D:15:     grunt_enter_depths_hoard, layout_small_grid, skrybe_limestone_x,
          minmay_ruined_shrine, uniq_roxanne
Temple:   nicolae_temple_x_marks_the_god
Lair:1:   layout_layer_cave, portal_ice_cave_entry_imps, serial_bayou_pond_e,
          chequers_serial_rivers_room_b, grunt_megastairs_1,
          infiniplex_staircase_pool, uniq_urug, uniq_harold, uniq_joseph
Lair:2:   layout_small_grid, elwin_shoals_entry_rocks, spider_nest_entry_webs,
          serial_bayou_shore_b, uniq_gastronok
Lair:3:   layout_regular_city, serial_bayou_lake_a
Lair:4:   layout_cave_pods, slime_entry_1, basic_altar, lookout_lair_type
Lair:5:   grunt_lair_end_beastmaster, layout_layer_cave, pond,
          serial_bayou_shore_b, lemuel_fruit_fields
Shoals:1: layout_shoals, nicolae_shoals_seven_spires
Shoals:2: layout_shoals, hellmonk_ghost_happy_afterlife,
          nicolae_shoals_cliffside_cave, uniq_aizul
Orc:1:    layout_caves
Orc:2:    st_orc_ogre_mass, layout_caves

Skill      XL: |  1  2  3  4  5  6  7  8  9 10 11 12 13 14 15 16 17 |
---------------+----------------------------------------------------+-----
Shields        | 4 5 6 7 8 9 11 12 13 14 | 14.3
Axes           | 3 4 5 6 7 8 9 11 12 13 15 16 17 | 17.9
Armour         | 4 5 7 8 9 10 12 13 14 | 14.9
Fighting       | 4 5 7 8 9 10 11 12 | 12.2
Dodging        | 1 2 3 4 |  4.0
Invocations    | 2 3 4 5 6 8 9 10 11 | 11.8
Evocations     | 2 3 4 5 6 7 8 9 10 11 | 11.2
Stealth        | 1 3 |  3.1
Ranged Weapons | 3 4 6 |  6.7
Maces & Flails | 1 |  1.5
Long Blades    | |  0.7
Throwing       | |  0.7

Action                   |  1- 3 |  4- 6 |  7- 9 | 10-12 | 13-15 | 16-18 || total
-------------------------+-------+-------+-------+-------+-------+-------++-------
Melee: War axe           |    79 |    82 |    80 |       |       |       ||   241
       Headbutt          |     7 |    19 |    37 |   110 |    95 |   138 ||   406
       Broad axe         |       |    60 |   150 |   531 |   461 |   548 ||  1750
       Mace              |       |       |       |    19 |       |       ||    19
       Scimitar          |       |       |       |       |     8 |    15 ||    23
 Fire: Sling             |       |       |     8 |       |     8 |       ||    16
Throw: Boomerang         |       |     5 |       |       |       |     4 ||     9
       Dart              |       |       |       |     9 |     1 |    15 ||    25
Invok: Upheaval          |       |       |     1 |     5 |     2 |     3 ||    11
       Elemental Force   |       |       |       |     3 |     5 |     2 ||    10
Evoke: Wand              |       |       |       |     3 |       |     4 ||     7
       Tin of tremorston |       |       |       |       |     3 |     1 ||     4
       Condenser vane    |       |       |       |       |       |     1 ||     1
  Use: Scroll            |       |    10 |     3 |    18 |    10 |     2 ||    43
       Potion            |       |     3 |     3 |     7 |     1 |       ||    14
 Stab: Petrified         |       |       |       |       |    13 |       ||    13
       Paralysed         |       |       |       |       |     7 |       ||     7
Armor: Scale mail        |    44 |    20 |       |       |       |       ||    64
       Chain mail        |       |    67 |   114 |    76 |       |       ||   257
       Plate armour      |       |       |       |   223 |   241 |   191 ||   655
Dodge: Dodged            |    52 |    64 |    75 |   146 |   100 |    72 ||   509
       Repelled          |       |       |     3 |     6 |     5 |     2 ||    16
Block: Buckler           |    26 |    30 |     4 |       |       |       ||    60
       Kite shield       |       |       |   131 |   553 |   527 |   555 ||  1766

Table legend: (Time is in decaauts)
 A = Elapsed time spent in this place.
 B = Non-inter-level travel time spent in this place.
 C = Inter-level travel time spent in this place.
 D = Time resting spent in this place.
 E = Time spent auto-exploring this place.
 F = Levels seen in this place.
 G = Mean time per level.
                   A        B        C        D        E       F      G
               +--------+--------+--------+--------+--------+-----+--------+
         Total |  24367 |  22967 |   1400 |   1035 |  13449 |  26 |  937.2 |
       Dungeon |  15493 |  14497 |    996 |    906 |   8276 |  15 | 1032.9 |
        Temple |     65 |     65 |      0 |      0 |      0 |   1 |   65.0 |
          Lair |   5694 |   5402 |    292 |    129 |   3503 |   5 | 1138.8 |
        Shoals |   1247 |   1176 |     71 |      0 |    720 |   2 |  623.5 |
  Orcish Mines |   1387 |   1347 |     40 |      0 |    862 |   2 |  693.5 |
      Ice Cave |    478 |    478 |      0 |      0 |     87 |   1 |  478.0 |
               +--------+--------+--------+--------+--------+-----+--------+

Top non-repeatable levels by time:
     D:1: 1526 daAuts
    D:10: 1455 daAuts
    D:12: 1438 daAuts
     D:5: 1360 daAuts
  Lair:5: 1316 daAuts
  Lair:2: 1186 daAuts
    D:13: 1147 daAuts
     D:9: 1143 daAuts
    D:11: 1124 daAuts
  Lair:1: 1075 daAuts
  Lair:3: 1062 daAuts
  Lair:4: 1053 daAuts
     D:6: 1024 daAuts
   Orc:2: 1000 daAuts
    D:14: 973 daAuts
